 Dungeon Crawl Stone Soup version 0.29-a0-577-gafbf2c5d25 (webtiles) character file.

Game seed: 3325118589263788734

28 DocClef the Sneak (level 2, -3/27 HPs)
             Began as a Draconian Delver on June 13, 2022.
             Slain by an iguana (7 damage)
             ... on level 5 of the Dungeon.
             The game lasted 00:00:22 (90 turns).

DocClef the Sneak (Draconian Delver)                  Turns: 90, Time: 00:00:23

Health: -3/27      AC:  4    Str: 14    XL:     2   Next: 96%
Magic:  2/2        EV: 12    Int: 10    God:
Gold:   5          SH:  0    Dex: 12    Spells: 1/1 levels left

rFire   . . .      SeeInvis .   a - +0 short sword
rCold   . . .      Faith    .   (no shield)
rNeg    . . .      Spirit   .   (body armour unavailable)
rPois   .          Reflect  .   (helmet restricted)
rElec   .          Harm     .   (no cloak)
rCorr   .          Rampage  .   (no gloves)
Will    .....                   (no boots)
Stlth   +++.......              (no amulet)
HPRegen 0.09/turn               (no ring)
MPRegen 0.08/turn               (no ring)

@: no status effects
A: AC +4, unfitting armour, cold-blooded
a: no special abilities


You were on level 5 of the Dungeon.
You visited 1 branch of the dungeon, and saw 1 of its levels.

You collected 5 gold pieces.

Inventory:

Hand Weapons
 a - a +0 short sword (weapon)
Wands
 f - a wand of digging (3)
Scrolls
 b - a scroll of fog
 d - a scroll of fear
Potions
 e - a potion of haste


   Skills:
 + Level 3.6 Fighting
 + Level 2.4 Short Blades
 + Level 2.2 Dodging
 + Level 4.7 Stealth


You had one spell level left.
You didn't know any spells.
Your spell library was empty.

Dungeon Overview and Level Annotations

Branches:
Dungeon (5/15)
 Temple: D:4-7

Altars:


Innate Abilities, Weirdness & Mutations

Your plain brown scales are hard. (AC +4)
You cannot fit into any form of body armour.
You are cold-blooded and may be slowed by cold attacks.


Message History

Your Dodging skill increases to level 2!
You have reached level 2!
You start resting.
You hear the slow hiss of a very distant avalanche of sand.
As you read the scroll of magic mapping, it crumbles to dust.
You feel aware of your surroundings.
You sensed 1 altar, and 1 shop/portal.
Found 5 gold pieces.
You now have 5 gold pieces.
Found 13 gold pieces.
An iguana comes into view.
The iguana hisses angrily.
The iguana bites you.
* * * LOW HITPOINT WARNING * * *
You hit the iguana but do no damage.
Your tail-slap misses the iguana.
The iguana barely misses you.
You hit the iguana but do no damage. You barely miss the iguana.
The iguana bites you.
* * * LOW HITPOINT WARNING * * *
You hit the iguana. You tail-slap the iguana.
The iguana is moderately wounded.
The iguana misses you.
You closely miss the iguana.
You tail-slap the iguana, but do no damage.
The iguana is moderately wounded.
The iguana bites you.
* * * LOW HITPOINT WARNING * * *
You barely miss the iguana.
The iguana is moderately wounded.
The iguana closely misses you.
You hit the iguana.
You tail-slap the iguana, but do no damage.
The iguana is moderately wounded.
The iguana closely misses you.
You hit the iguana but do no damage.
The iguana is moderately wounded.
The iguana barely misses you.
You closely miss the iguana.
The iguana is moderately wounded.
The iguana bites you!
You die...

,,,,,* *,,*,* *,****,
****,* ##**,,*,*
*,,,,,, *,* #.,,,,,,*
*,***** *,* #.**,,***
*,* *,* #.**,,* *,*
*,* #.##,,* *,* **
*,* *..#,,* *,*
,**#.##
*#l#,,*******,*
,,,...#
#@#,,,,,,,,,,*
.**#..#
#.#*,********* #*
#..# #.#*,* # #..#
######.#*,* # #..#
#......#*,*
####..#####.######*,*
.........##.#* *,*
....#.##.#.#.#*****,*
#####...#.###..,,,,,*


You could see an iguana.

Vanquished Creatures
  A hound (D:5)
1 creature vanquished.

Notes
Turn   | Place    | Note
-------+----------+-------------------------------------------
     0 | D:5      | DocClef the Draconian Delver began the quest for the Orb.
     0 | D:5      | Reached XP level 1. HP: 19/19 MP: 1/1
    11 | D:5      | Noticed a hound
    25 | D:5      | Killed a hound
    26 | D:5      | Reached XP level 2. HP: 3/27 MP: 2/2
    90 | D:5      | Slain by an iguana

Illustrated notes

Levels and vault maps discovered:
D:5:      layout_loops_ring, overflow_temple_1_default, enter_ossuary_1,
          nicolae_elevator_lobby_plus

Skill      XL: |  1 |
---------------+----+-----
Dodging        | 2 |  2.2
Fighting       | |  3.6
Short Blades   | |  2.4
Stealth        | |  4.7

Action                   || total
-------------------------++-------
Melee: Short sword       ||    18
       Tailslap          ||     6
  Use: Scroll            ||     1
Armor: Skin              ||     2
Dodge: Dodged            ||    11

Table legend: (Time is in decaauts)
 A = Elapsed time spent in this place.
 B = Non-inter-level travel time spent in this place.
 C = Inter-level travel time spent in this place.
 D = Time resting spent in this place.
 E = Time spent auto-exploring this place.
 F = Levels seen in this place.
 G = Mean time per level.
                   A        B        C        D        E       F      G
               +--------+--------+--------+--------+--------+-----+--------+
         Total |     89 |     89 |      0 |     25 |     10 |   1 |   89.0 |
       Dungeon |     89 |     89 |      0 |     25 |     10 |   1 |   89.0 |
               +--------+--------+--------+--------+--------+-----+--------+

Top non-repeatable levels by time:
     D:5: 89 daAuts
